BSA
NIAGARA FALLS FRENZY @ SO CAL HENVY
08/24/2026
 
TOP OF THE 1ST
Niagara Falls Frenzy batting - Pitching for So Cal Henvy : RHP Juan González
Pitching: RHP Juan González
Batting: RHB Hidetada Kichida 0-0: Ball
1-0: Foul Ball, location: 2F
1-1: Called Strike
1-2: Strikes out looking
Batting: LHB Dante Owens 0-0: Ball
1-0: Called Strike
1-1: Foul Ball, location: 2F
1-2: Ball
2-2: Foul Ball, location: 2F
2-2: Ball
3-2: Foul Ball, location: 2F
3-2: Ground out 4-3 (Groundball, 4)
Batting: SHB Martín De Jesús 0-0: Ball
1-0: Foul Ball, location: 2F
1-1: Swinging Strike
1-2: Ground out U3 (Groundball, 3)
Top of the 1st over - 0 run(s), 0 hit(s), 0 error(s), 0 left on base; Niagara Falls 0 - So Cal 0
BOTTOM OF THE 1ST
So Cal Henvy batting - Pitching for Niagara Falls Frenzy : RHP George Nelson
Pitching: RHP George Nelson
Batting: SHB Miguel González 0-0: Swinging Strike
0-1: Ball
1-1: Fly out, F8 (Flyball, 8RD)
Batting: LHB John Peterson 0-0: Foul Ball, location: 2F
0-1: Ball
1-1: Ball
2-1: Foul Ball, location: 2F
2-2: Foul Ball, location: 2F
2-2: Foul Ball, location: 2F
2-2: SINGLE (Line Drive, 34D)
Batting: RHB Earl Wiggins 0-0: Called Strike
0-1: Ball
1-1: Ball
2-1: Called Strike
2-2: Strikes out swinging
Batting: RHB Rubén Calderón 0-0: Ball
1-0: Called Strike
1-1: Ball
2-1: Ball
3-1: SINGLE (Line Drive, 6M)
John Peterson to second
Batting: SHB Esteban Silva 0-0: Ball
1-0: Foul Ball, location: 2F
1-1: Ground out 4-3 (Groundball, 4)
Bottom of the 1st over - 0 run(s), 2 hit(s), 0 error(s), 2 left on base; Niagara Falls 0 - So Cal 0
TOP OF THE 2ND
Niagara Falls Frenzy batting - Pitching for So Cal Henvy : RHP Juan González
Batting: RHB Lawrence Schroeder 0-0: Foul Ball, location: 2F
0-1: Ground out 4-3 (Groundball, 4M)
Batting: RHB Zander Tremblett 0-0: Called Strike
0-1: Foul Ball, location: 2F
0-2: Ball
1-2: Strikes out looking
Batting: LHB Bill Hall 0-0: Ball
1-0: Called Strike
1-1: Foul Ball, location: 2F
1-2: Ball
2-2: Ground out 1-3 (Groundball, 15S)
Top of the 2nd over - 0 run(s), 0 hit(s), 0 error(s), 0 left on base; Niagara Falls 0 - So Cal 0
BOTTOM OF THE 2ND
So Cal Henvy batting - Pitching for Niagara Falls Frenzy : RHP George Nelson
Batting: RHB Morgan Gibbon 0-0: Swinging Strike
0-1: Ball
1-1: Ball
2-1: SINGLE (Flyball, 9LS)
Batting: LHB Leo Wyeth 0-0: Ball
1-0: 2-RUN HOME RUN (Flyball, 9D), Distance : 354 ft
Batting: SHB Derek Roach 0-0: Ball
1-0: Ball
2-0: Ball
3-0: Base on Balls
Batting: RHB Gregg Nelson 0-0: Called Strike
0-1: Ball
1-1: Ball
2-1: Swinging Strike
2-2: Foul Ball, location: 2F
2-2: SINGLE (Groundball, 6) (infield hit)
Derek Roach to second
Batting: SHB Miguel González 0-0: Ball
1-0: Ball
2-0: Called Strike
2-1: Foul Ball, location: 2F
2-2: Foul Ball, location: 2F
2-2: Ball
3-2: Foul Ball, location: 2F
3-2: Foul Ball, location: 2F
3-2: Fly out, F7 (Line Drive, 7LM)
Batting: LHB John Peterson 0-0: Ball
1-0: Ball
2-0: Called Strike
2-1: Swinging Strike
2-2: Ball
3-2: Base on Balls
Derek Roach to third
Gregg Nelson to second
Batting: RHB Earl Wiggins 0-0: SINGLE (Line Drive, 6MD)
Derek Roach scores
Gregg Nelson to third
John Peterson to second
Runner from 3rd tries for Home, SAFE, throw made home
Batting: RHB Rubén Calderón 0-0: Ball
1-0: Ball
2-0: Ball
3-0: Base on Balls
John Peterson to third
Earl Wiggins to second
Batting: SHB Esteban Silva 0-0: Called Strike
0-1: Swinging Strike
0-2: Ball
1-2: DOUBLE (Flyball, 8LXD)
John Peterson scores
Earl Wiggins scores
Rubén Calderón to third
Runner from 3rd tries for Home, SAFE, throw made home
Batting: RHB Morgan Gibbon 0-0: Called Strike
0-1: Ball
1-1: Ball
2-1: Ball
3-1: Ground out 6-3 (Groundball, 6)
Batting: LHB Leo Wyeth 0-0: Foul Ball, location: 2F
0-1: Called Strike
0-2: Ball
1-2: SINGLE (Line Drive, 56)
Esteban Silva to third
Batting: SHB Derek Roach 0-0: Called Strike
0-1: Ball
1-1: Ball
2-1: DOUBLE (Line Drive, 3D)
Esteban Silva scores
Leo Wyeth to third
Runner from 3rd tries for Home, SAFE, no throw or cutoff
Pitching: RHP Luis López
Batting: RHB Gregg Nelson 0-0: Called Strike
0-1: Ball
1-1: Swinging Strike
1-2: Strikes out swinging
Bottom of the 2nd over - 9 run(s), 7 hit(s), 0 error(s), 1 left on base; Niagara Falls 0 - So Cal 9
TOP OF THE 3RD
Niagara Falls Frenzy batting - Pitching for So Cal Henvy : RHP Juan González
Batting: RHB Ángel Hinojosa 0-0: Ball
1-0: Ball
2-0: Called Strike
2-1: SOLO HOME RUN (Flyball, 8RXD), Distance : 415 ft
Batting: RHB Luther Stoffels 0-0: Called Strike
0-1: Foul Ball, location: 2F
0-2: SINGLE (Groundball, 4D)
Batting: RHB Jung-ha Kim 0-0: Ball
1-0: Foul Ball, location: 2F
1-1: Called Strike
1-2: Ball
2-2: Foul Ball, location: 2F
2-2: Ball
3-2: Foul Ball, location: 2F
3-2: Foul Ball, location: 2F
3-2: Foul Ball, location: 2F
3-2: Strikes out swinging
Batting: RHB Hidetada Kichida 0-0: Ball
1-0: Ball
2-0: Called Strike
2-1: Foul Ball, location: 2F
2-2: Fielders Choice at 2nd, 6-4 (Groundball, 56)
Batting: LHB Dante Owens 0-0: Called Strike
0-1: Ground out 6-3 (Groundball, 6)
Top of the 3rd over - 1 run(s), 2 hit(s), 0 error(s), 1 left on base; Niagara Falls 1 - So Cal 9
BOTTOM OF THE 3RD
So Cal Henvy batting - Pitching for Niagara Falls Frenzy : RHP Luis López
Batting: SHB Miguel González 0-0: SOLO HOME RUN (Flyball, 9D), Distance : 371 ft
Batting: LHB John Peterson 0-0: Ball
1-0: Foul Ball, location: 2F
1-1: Called Strike
1-2: Foul Ball, location: 2F
1-2: DOUBLE (Line Drive, 9LS)
Batting: RHB Earl Wiggins 0-0: Ball
1-0: Called Strike
1-1: Foul Ball, location: 2F
1-2: Ball
2-2: Ball
3-2: Strikes out looking
Batting: RHB Rubén Calderón 0-0: Ball
1-0: Ball
2-0: Called Strike
2-1: Ball
3-1: Ground out 6-3 (Groundball, 6)
Batting: SHB Esteban Silva 0-0: SINGLE (Flyball, 8LS)
John Peterson to third
Runner from 3rd tries for Home, SAFE, no throw or cutoff
Batting: RHB Morgan Gibbon 0-0: Reached on Error, E4 (Popup, 34)
Esteban Silva to second
Batting: LHB Leo Wyeth 0-0: Called Strike
0-1: Ball
1-1: Called Strike
1-2: Fly out, F3 (Line Drive, 3L)
Bottom of the 3rd over - 2 run(s), 3 hit(s), 1 error(s), 2 left on base; Niagara Falls 1 - So Cal 11
TOP OF THE 4TH
Niagara Falls Frenzy batting - Pitching for So Cal Henvy : RHP Juan González
Batting: SHB Martín De Jesús 0-0: Called Strike
0-1: Ball
1-1: Swinging Strike
1-2: SINGLE (Groundball, 34D)
Batting: RHB Lawrence Schroeder 0-0: Called Strike
0-1: Ball
1-1: DOUBLE (Line Drive, 89D)
Martín De Jesús to third
Batting: RHB Zander Tremblett 0-0: Called Strike
0-1: Ball
1-1: SINGLE (Popup, 9LS)
Martín De Jesús scores
Lawrence Schroeder to third
Runner from 3rd tries for Home, SAFE, no throw or cutoff
Batting: LHB Bill Hall 0-0: Ball
1-0: SINGLE (Line Drive, 4D)
Zander Tremblett to second
Batting: RHB Ángel Hinojosa 0-0: SINGLE (Groundball, 6MD) (infield hit)
Zander Tremblett to third
Bill Hall to second
Batting: RHB Luther Stoffels 0-0: Ball
1-0: Fly out, F8 (Flyball, 8LM)
Runner from 3rd tags up, SCORES, throw made
Batting: RHB Jung-ha Kim 0-0: SINGLE (Line Drive, 6M)
Bill Hall to third
Ángel Hinojosa to second
Batting: RHB Hidetada Kichida 0-0: Ball
1-0: Ball
2-0: DOUBLE (Flyball, 7D)
Bill Hall scores
Ángel Hinojosa scores
Jung-ha Kim to third
Batting: LHB Dante Owens 0-0: Called Strike
0-1: Ball
1-1: Ball
2-1: DOUBLE (Flyball, 8LXD)
Jung-ha Kim scores
Hidetada Kichida scores
Pitching: LHP Cecil Bonekamp
Batting: SHB Martín De Jesús 0-0: Ball
1-0: Called Strike
1-1: Foul Ball, location: 2F
1-2: Strikes out swinging
Batting: RHB Lawrence Schroeder 0-0: Foul Ball, location: 2F
0-1: Called Strike
0-2: Ball
1-2: Ball
2-2: DOUBLE (Flyball, 78D)
Dante Owens scores
Pitching: LHP Stanley Inman
Batting: RHB Zander Tremblett 0-0: Ball
1-0: Foul Ball, location: 2F
1-1: Foul Ball, location: 2F
1-2: Strikes out swinging
Top of the 4th over - 8 run(s), 9 hit(s), 0 error(s), 1 left on base; Niagara Falls 9 - So Cal 11
BOTTOM OF THE 4TH
So Cal Henvy batting - Pitching for Niagara Falls Frenzy : RHP Luis López
Batting: SHB Derek Roach 0-0: Called Strike
0-1: Ball
1-1: SINGLE (Groundball, 34D)
Batting: RHB Gregg Nelson 0-0: Fly out, F9 (Flyball, 89S)
Batting: SHB Miguel González 0-0: Ball
1-0: Foul Ball, location: 2F
1-1: Called Strike
1-2: Foul Ball, location: 2F
1-2: SINGLE (Line Drive, 6)
Derek Roach to second
Batting: LHB John Peterson 0-0: Foul Ball, location: 2F
0-1: Fielders Choice at 2nd, 3-6 (Groundball, 3)
Derek Roach to third
Batting: RHB Earl Wiggins 0-0: Swinging Strike
0-1: SINGLE (Flyball, 8RS)
Derek Roach scores
John Peterson to second
Runner from 2nd tries for 3rd, OUT!
Bottom of the 4th over - 1 run(s), 3 hit(s), 0 error(s), 1 left on base; Niagara Falls 9 - So Cal 12
TOP OF THE 5TH
Niagara Falls Frenzy batting - Pitching for So Cal Henvy : LHP Stanley Inman
Batting: LHB Bill Hall 0-0: Swinging Strike
0-1: Ball
1-1: Swinging Strike
1-2: Strikes out swinging
Batting: RHB Ángel Hinojosa 0-0: Ball
1-0: Called Strike
1-1: Ball
2-1: Fly out, F9 (Flyball, 89M)
Batting: RHB Luther Stoffels 0-0: Called Strike
0-1: Fly out, F7 (Line Drive, 78M)
Top of the 5th over - 0 run(s), 0 hit(s), 0 error(s), 0 left on base; Niagara Falls 9 - So Cal 12
BOTTOM OF THE 5TH
So Cal Henvy batting - Pitching for Niagara Falls Frenzy : RHP Luis López
Batting: RHB Rubén Calderón 0-0: Foul Ball, location: 2F
0-1: Ball
1-1: Fly out, F7 (Flyball, 7D)
Batting: SHB Esteban Silva 0-0: Called Strike
0-1: Foul Ball, location: 2F
0-2: Ball
1-2: Foul Ball, location: 2F
1-2: Ball
2-2: Foul Ball, location: 2F
2-2: Foul Ball, location: 2F
2-2: Foul Ball, location: 2F
2-2: SINGLE (Groundball, 4MD)
Batting: RHB Morgan Gibbon 0-0: Called Strike
0-1: Ball
1-1: Called Strike
1-2: Ball
2-2: Fly out, F5 (Line Drive, 56)
Batting: LHB Leo Wyeth 0-0: Called Strike
0-1: Called Strike
0-2: Ball
1-2: Ball
2-2: Ball
3-2: Ground out 4-3 (Groundball, 4)
Bottom of the 5th over - 0 run(s), 1 hit(s), 0 error(s), 1 left on base; Niagara Falls 9 - So Cal 12
TOP OF THE 6TH
Niagara Falls Frenzy batting - Pitching for So Cal Henvy : LHP Stanley Inman
Batting: RHB Jung-ha Kim 0-0: Swinging Strike
0-1: Swinging Strike
0-2: Foul Ball, location: 2F
0-2: Ball
1-2: Ball
2-2: Ball
3-2: Foul Ball, location: 2F
3-2: Strikes out swinging
Batting: RHB Hidetada Kichida 0-0: Ball
1-0: Fly out, F7 (Line Drive, 78XD)
Batting: LHB Dante Owens 0-0: Ball
1-0: Called Strike
1-1: Ball
2-1: Fly out, F8 (Flyball, 8RXD)
Top of the 6th over - 0 run(s), 0 hit(s), 0 error(s), 0 left on base; Niagara Falls 9 - So Cal 12
BOTTOM OF THE 6TH
So Cal Henvy batting - Pitching for Niagara Falls Frenzy : RHP Luis López
Pitching: RHP Ángel Francisco
Batting: SHB Derek Roach 0-0: Ball
1-0: Called Strike
1-1: Swinging Strike
1-2: Ball
2-2: SINGLE (Line Drive, 8LS)
Batting: RHB Gregg Nelson 0-0: Ball
1-0: Grounds into double play, 6-4-3 (Groundball, 6)
Batting: SHB Miguel González 0-0: Called Strike
0-1: Ball
1-1: Ball
2-1: Ball
3-1: Fly out, F7 (Popup, 56D)
Bottom of the 6th over - 0 run(s), 1 hit(s), 0 error(s), 0 left on base; Niagara Falls 9 - So Cal 12
TOP OF THE 7TH
Niagara Falls Frenzy batting - Pitching for So Cal Henvy : LHP Stanley Inman
Pitching: RHP Jerry Good
Batting: SHB Martín De Jesús 0-0: Ball
1-0: Ball
2-0: Called Strike
2-1: SINGLE (Line Drive, 89S)
Batting: RHB Lawrence Schroeder 0-0: SINGLE (Groundball, 13) (infield hit)
Martín De Jesús to second
Batting: RHB Zander Tremblett 0-0: Called Strike
0-1: Ball
1-1: Fielders Choice at 2nd, 1-6 (Groundball, 23)
Martín De Jesús to third
Pitching: LHP Raúl Sandoval
Now at SS: Edouard Padovano
Batting: LHB Bill Hall 0-0: Fly out, F8 (Flyball, 8RXD)
Runner from 3rd tags up, SCORES, no throw
Pitching: RHP Jim Nelson
Batting: RHB Ángel Hinojosa 0-0: Called Strike
0-1: DOUBLE (Groundball, 5L)
Zander Tremblett to third
Pinch Hitting: RHB Gerald Burnett 0-0: Foul Ball, location: 2F
0-1: Called Strike
0-2: Ball
1-2: Ball
2-2: Foul Ball, location: 2F
2-2: Strikes out swinging
Top of the 7th over - 1 run(s), 3 hit(s), 0 error(s), 2 left on base; Niagara Falls 10 - So Cal 12
BOTTOM OF THE 7TH
So Cal Henvy batting - Pitching for Niagara Falls Frenzy : RHP Ángel Francisco
Now in LF: Keitaro Suzuki
Batting: LHB John Peterson 0-0: Called Strike
0-1: Ball
1-1: Swinging Strike
1-2: Foul Ball, location: 2F
1-2: Ball
2-2: Foul Ball, location: 2F
2-2: Foul Ball, location: 2F
2-2: Ball
3-2: Foul Ball, location: 2F
3-2: Base on Balls
Batting: RHB Earl Wiggins 0-0: Called Strike
0-1: Fly out, F3 (Popup, 3SF)
Batting: RHB Rubén Calderón 0-0: Ball
1-0: Ground out 5-3 (Groundball, 5S)
John Peterson to second
Batting: SHB Esteban Silva 0-0: SINGLE (Line Drive, 7S)
John Peterson to third
Runner from 3rd tries for Home, SAFE, no throw or cutoff
Batting: RHB Morgan Gibbon 0-0: Ball
1-0: Ball
2-0: Ground out 4-3 (Groundball, 4)
Bottom of the 7th over - 1 run(s), 1 hit(s), 0 error(s), 1 left on base; Niagara Falls 10 - So Cal 13
TOP OF THE 8TH
Niagara Falls Frenzy batting - Pitching for So Cal Henvy : RHP Jim Nelson
Batting: RHB Jung-ha Kim 0-0: Called Strike
0-1: Ball
1-1: Foul Ball, location: 2F
1-2: Ball
2-2: Strikes out swinging
Batting: RHB Hidetada Kichida 0-0: Called Strike
0-1: Fly out, F7 (Flyball, 78M)
Batting: LHB Dante Owens 0-0: Swinging Strike
0-1: Ball
1-1: Ball
2-1: Ball
3-1: Base on Balls
Pitching: RHP Jesse Little
Batting: SHB Martín De Jesús 0-0: Ball
1-0: Ball
2-0: Swinging Strike
2-1: Swinging Strike
2-2: Foul Ball, location: 2F
2-2: Foul Ball, location: 2F
2-2: Strikes out swinging
Top of the 8th over - 0 run(s), 0 hit(s), 0 error(s), 1 left on base; Niagara Falls 10 - So Cal 13
BOTTOM OF THE 8TH
So Cal Henvy batting - Pitching for Niagara Falls Frenzy : RHP Ángel Francisco
Pitching: LHP António Bueno
Batting: LHB Leo Wyeth 0-0: Called Strike
0-1: Ground out U3 (Groundball, 3S)
Batting: SHB Derek Roach 0-0: Foul Ball, location: 2F
0-1: Called Strike
0-2: Fly out, F9 (Flyball, 89M)
Batting: RHB Edouard Padovano 0-0: Ball
1-0: Fly out, F8 (Flyball, 8RM)
Bottom of the 8th over - 0 run(s), 0 hit(s), 0 error(s), 0 left on base; Niagara Falls 10 - So Cal 13
TOP OF THE 9TH
Niagara Falls Frenzy batting - Pitching for So Cal Henvy : RHP Jesse Little
Pitching: RHP Juan Flores
Batting: RHB Lawrence Schroeder 0-0: Called Strike
0-1: Called Strike
0-2: Strikes out looking
Batting: RHB Zander Tremblett 0-0: Ball
1-0: Called Strike
1-1: Swinging Strike
1-2: Foul Ball, location: 2F
1-2: Ball
2-2: Foul Ball, location: 2F
2-2: DOUBLE (Line Drive, 78XD)
Batting: LHB Bill Hall 0-0: Swinging Strike
0-1: Ball
1-1: 2-RUN HOME RUN (Flyball, 89XD) (Inside the Park)
Batting: RHB Ángel Hinojosa 0-0: Ball
1-0: Foul Ball, location: 2F
1-1: Foul Ball, location: 2F
1-2: Foul Ball, location: 2F
1-2: Foul Ball, location: 2F
1-2: Foul Ball, location: 2F
1-2: Ball
2-2: Ball
3-2: Strikes out swinging
Batting: RHB Keitaro Suzuki 0-0: Called Strike
0-1: DOUBLE (Line Drive, 6D)
Batting: RHB Jung-ha Kim 0-0: Ball
1-0: Swinging Strike
1-1: Ball
2-1: Foul Ball, location: 2F
2-2: Strikes out swinging
Top of the 9th over - 2 run(s), 3 hit(s), 0 error(s), 1 left on base; Niagara Falls 12 - So Cal 13
Monday, December 5th, 2016 - OOTP Baseball 17.12 Build 75